 Dungeon Crawl Stone Soup version 0.30-a0-568-g124715a40b (webtiles) character file.

Game seed: 16585060040379355248

144 oldriver the Sneak (level 5, -1/49 HPs)
             Began as a Naga Artificer on Dec 28, 2022.
             Slain by a gnoll
             ... wielding a +0 spear
              (2 damage)
             ... on level 4 of the Dungeon.
             The game lasted 00:03:01 (2891 turns).

oldriver the Sneak (Naga Artificer)                 Turns: 2891, Time: 00:03:02

Health: -1/49      AC:  4    Str: 15    XL:     5   Next: 26%
Magic:  5/5        EV:  9    Int: 11    God:
Gold:   146        SH:  0    Dex: 13    Spells: 4/4 levels left

rFire   . . .      SeeInvis +    o - +1 whip (elec)
rCold   . . .      Faith    .    (no shield)
rNeg    . . .      Spirit   .    b - +0 leather armour
rPois   +          Reflect  .    q - +0 helmet
rElec   .          Harm     .    (no cloak)
rCorr   .          Rampage  .    (no gloves)
Will    .....                    (no barding)
Stlth   +++                      (no amulet)
HPRegen 0.28/turn                (no ring)
MPRegen 0.09/turn                (no ring)

@: very slow
A: AC +1, large, see invisible, deformed body, poison resistance, slowness 2,
spit poison 1, naga tail 1
a: Spit Poison


You were on level 4 of the Dungeon.
You visited 1 branch of the dungeon, and saw 4 of its levels.

You collected 146 gold pieces.

Inventory:

Hand Weapons
 o - a +1 whip of electrocution (weapon)
Missiles
 l - 11 poisoned darts
Armour
 b - a +0 leather armour (worn)
 q - a +0 helmet (worn)
Jewellery
 j - a ring of magical power
Wands
 c - a wand of flame (15)
 d - a wand of charming (15)
 e - a wand of iceblast (5)
Scrolls
 f - 3 scrolls of noise {unknown}
 i - 3 scrolls of blinking {unknown}
 k - a scroll of identify
 m - 2 scrolls of teleportation
 n - a scroll of torment {unknown}
Potions
 a - a potion of curing {unknown}
 g - 2 potions of flight {unknown}
 h - a potion of lignification {unknown}
 p - a potion of heal wounds {unknown}
 r - a potion of degeneration {unknown}
 s - a potion of haste {unknown}


   Skills:
 + Level 3.5 Fighting
 * Level 0.0 Maces & Flails
 - Level 1.5 Armour
 - Level 0.7 Dodging
 + Level 5.5 Stealth
 - Level 3.0 Evocations


You had 4 spell levels left.
You didn't know any spells.
Your spell library contained the following spells:

 Spells                   Type           Power      Damage    Failure   Level
 Magic Dart               Conj           0%         1d3       41%         1
 Searing Ray              Conj           0%         2d4       54%         2
 Fulminant Prism          Conj/Hex       0%         3d5       99%         4


Dungeon Overview and Level Annotations

Branches:
Dungeon (4/15)
 Temple: D:4-7

Altars:
Trog


Innate Abilities, Weirdness & Mutations

Your serpentine skin is tough. (AC +1)
You have supernaturally acute eyesight. (SInv)
Armour fits poorly on your strangely shaped body.
Your system is resistant to poisons. (rPois)
You cover ground very slowly.
You can spit poison.
You have a snake-like lower body.


Message History

A gnoll is nearby!
A gnoll is nearby!
A gnoll comes into view. It is wielding a +0 whip.
The gnoll closely misses you. x2
A gnoll comes into view. It is wielding a +0 spear.
Found a short sword.
The gnoll hits you with a +0 halberd!
The gnoll shouts!
The splash of poison misses the gnoll.
The gnoll shouts!
The gnoll misses you. The gnoll hits you with a +0 halberd.
The gnoll attacks as you move away! The gnoll closely misses you.
The gnoll barely misses you. The gnoll closely misses you.
You have got your breath back.
The gnoll closely misses you.
The gnoll hits you from afar with a +0 halberd.
You hit the gnoll.
The gnoll is moderately wounded.
The gnoll hits you with a +0 whip.
The gnoll hits you from afar with a +0 halberd.
You closely miss the gnoll.
The gnoll is moderately wounded.
The gnoll barely misses you.
The gnoll hits you from afar with a +0 halberd!
The gnoll hits you with a +0 whip.
* * * LOW HITPOINT WARNING * * *
You are too injured to fight recklessly!
You hit the gnoll.
The gnoll is severely wounded.
The gnoll hits you from afar with a +0 spear!
* * * LOW HITPOINT WARNING * * *
The gnoll closely misses you. The gnoll barely misses you.
You are too injured to fight recklessly!
You are too injured to fight recklessly!
Okay, then.
As you read the scroll labelled COUM EGECLIR, it crumbles to dust.
It is a scroll of identify.
m - 2 scrolls of teleportation The gnoll hits you but does no damage.
The gnoll hits you from afar with a +0 spear.
You die...

#. #)######
#......#
#......#
#......##
......)#
#....#
######..#
##.@gg..## #
##.###g..# #.
##.## ##..#
#.##..# ##..#
#...## ##...
#...##
#######
#....#####.##
#...........#
#...........#


You could see 3 gnolls.

Vanquished Creatures
  A jelly (D:3)
  4 adders
  A worm (D:2)
  4 dart slugs
  2 orcs (D:3)
  7 ball pythons
  6 endoplasms
  3 giant cockroaches
  4 goblins
  5 hobgoblins
  3 jackals (D:1)
  6 quokkas
  3 bats
  3 frilled lizards
  4 kobolds
  5 rats
61 creatures vanquished.

Vanquished Creatures (others)
  A plant (D:1)
1 creature vanquished.

Grand Total: 62 creatures vanquished

Notes
Turn   | Place    | Note
-------+----------+-------------------------------------------
     0 | D:1      | oldriver the Naga Artificer began the quest for the Orb.
     0 | D:1      | Reached XP level 1. HP: 18/18 MP: 1/1
    26 | D:1      | Reached skill level 2 in Stealth
    53 | D:1      | Reached XP level 2. HP: 25/25 MP: 2/2
   146 | D:1      | Reached skill level 3 in Stealth
   485 | D:1      | Reached XP level 3. HP: 18/32 MP: 3/3
  1095 | D:2      | Reached skill level 4 in Stealth
  1346 | D:2      | Reached XP level 4. HP: 32/40 MP: 4/4
  2332 | D:3      | Reached skill level 5 in Stealth
  2435 | D:3      | Found a bloodstained altar of Trog.
  2707 | D:4      | Noticed a gnoll sergeant
  2714 | D:3      | Reached XP level 5. HP: 23/49 MP: 5/5
  2890 | D:4      | HP: 1/49 [gnoll/+0 spear (9)]
  2891 | D:4      | Slain by a gnoll

Illustrated notes

Levels and vault maps discovered:
D:1:      lemuel_arrival_funnel, layout_rooms, serial_forest,
          infiniplex_forest_lined_3_way, infiniplex_forest_clump_small,
          infiniplex_forest_end_1, infiniplex_forest_clump_small,
          infiniplex_forest_end_double, infiniplex_forest_clump_long,
          infiniplex_forest_lined_3, corexii_item_surrounded_by_moat
D:2:      layout_loops_corners
D:3:      layout_basic, trog_three_pillars_becter, st_stairs_3
D:4:      layout_layer_cave, serial_shops, nicolae_shop_stone, uniq_natasha

Skill      XL: |  1  2  3  4 |
---------------+-------------+-----
Stealth        | 2 3 4 5 |  5.5
Fighting       | 2 3 |  3.5
Armour         | |  1.5
Dodging        | |  0.7
Evocations     | |  3.0

Action                   |  1- 3 |  4- 6 || total
-------------------------+-------+-------++-------
Melee: Club              |    87 |    13 ||   100
       Punch             |     1 |       ||     1
       Whip              |       |    46 ||    46
 Abil: Spit Poison       |    29 |    23 ||    52
  Use: Scroll            |       |     1 ||     1
 Stab: Sleeping          |       |     3 ||     3
Armor: Leather armour    |    21 |    19 ||    40
Dodge: Dodged            |    67 |    27 ||    94

Table legend: (Time is in decaauts)
 A = Elapsed time spent in this place.
 B = Non-inter-level travel time spent in this place.
 C = Inter-level travel time spent in this place.
 D = Time resting spent in this place.
 E = Time spent auto-exploring this place.
 F = Levels seen in this place.
 G = Mean time per level.
                   A        B        C        D        E       F      G
               +--------+--------+--------+--------+--------+-----+--------+
         Total |   3765 |   3521 |    244 |     95 |   2789 |   4 |  941.2 |
       Dungeon |   3765 |   3521 |    244 |     95 |   2789 |   4 |  941.2 |
               +--------+--------+--------+--------+--------+-----+--------+

Top non-repeatable levels by time:
     D:2: 1597 daAuts
     D:3: 1067 daAuts
     D:1: 962 daAuts
     D:4: 137 daAuts
